 Dungeon Crawl Stone Soup version 0.30-a0-4-ga7cffc901d (webtiles) character file.

Game seed: 2728761597998715407

92 Setbun the Cutter (level 4, -1/26 HPs)
             Began as a Kobold Brigand on Aug 21, 2022.
             Slain by a goblin
             ... wielding a +0 dagger
             ... led by Robin
              (2 damage)
             ... on level 2 of the Dungeon.
             The game lasted 00:01:10 (1713 turns).

Setbun the Cutter (Kobold Brigand)                  Turns: 1713, Time: 00:01:11

Health: -1/26      AC:  3    Str:  8    XL:     4   Next: 90%
Magic:  4/4        EV: 11    Int: 12    God:
Gold:   71         SH:  0    Dex: 18    Spells: 3/3 levels left

rFire   . . .      SeeInvis .    a - +2 dagger
rCold   . . .      Faith    .    (no shield)
rNeg    . . .      Spirit   .    b - +0 robe
rPois   .          Reflect  .    (no helmet)
rElec   .          Harm     .    c - +0 cloak
rCorr   .          Rampage  .    (no gloves)
Will    .....                    (no boots)
Stlth   ++++......               (no amulet)
HPRegen 0.08/turn                (no ring)
MPRegen 0.09/turn                (no ring)

@: grasped by roots, constricted
A: small, no large weapons, nightstalker 3
a: no special abilities


You were on level 2 of the Dungeon.
You visited 1 branch of the dungeon, and saw 2 of its levels.

You collected 71 gold pieces.

Inventory:

Hand Weapons
 a - a +2 dagger (weapon)
Missiles
 d - 9 poisoned darts (quivered)
 e - 3 curare-tipped darts
Armour
 b - a +0 robe (worn)
 c - a +0 cloak (worn)
Wands
 l - a wand of roots (11)
Scrolls
 f - a scroll of enchant armour {unknown}
 g - 2 scrolls of enchant weapon {unknown}
 h - 2 scrolls of identify {unknown}
 i - 2 scrolls of noise {unknown}
 k - a scroll of teleportation {unknown}
 m - a scroll of butterflies {unknown}
Potions
 n - a potion of cancellation {unknown}
 o - a potion of magic {unknown}


   Skills:
 - Level 2.1 Fighting
 + Level 6.2 Short Blades
 - Level 2.1 Throwing
 - Level 1.2 Dodging
 - Level 5.3 Stealth


You had 3 spell levels left.
You didn't know any spells.
Your spell library was empty.

Dungeon Overview and Level Annotations

Branches:
Dungeon (2/15)

Altars:

Annotations:
D:2 Robin


Innate Abilities, Weirdness & Mutations

You are small and have problems with some larger weapons.
You are completely attuned to the shadows.


Message History

Robin is moderately wounded.
You hit the goblin.
You kill the goblin!
Robin hits you with a +0 whip.
A goblin comes into view. It is wielding a +0 club.
You hit Robin.
Robin is heavily wounded.
You completely miss Robin.
Robin is heavily wounded.
Robin barely misses you. The hobgoblin hits you.
You hit Robin.
Robin is heavily wounded.
Robin throws the goblin at you! The goblin barely misses you.
The hobgoblin hits you.
You hit Robin.
Robin is severely wounded.
You barely miss Robin.
Robin is severely wounded.
Robin zaps a wand.
The roots erupt in riotous growth!
The grasping roots grab you!
The hobgoblin is unaffected.
Robin is unaffected.
The goblin is unaffected.
The grasping roots constrict you. The goblin hits you with a +0 dagger.
* * * LOW HITPOINT WARNING * * *
The hobgoblin hits you.
* * * LOW HITPOINT WARNING * * *
You barely miss Robin.
Robin is severely wounded.
Robin roars a battlecry!
The goblin goes into a battle-frenzy!
The grasping roots constrict you.
* * * LOW HITPOINT WARNING * * *
The goblin barely misses you. The hobgoblin misses you.
It was a potion of curing.
You feel better.
The hobgoblin no longer looks unusually strong.
Robin hits you with a +0 whip.
* * * LOW HITPOINT WARNING * * *
The grasping roots constrict you.
* * * LOW HITPOINT WARNING * * *
The goblin hits you with a +0 dagger.
You die...

##.#........ ....
...#.####<## #..#
#........... #g.# .#
#..#.###...# #..##.#
.##..#.###...#
#.))#.#..............#
#†..#.#..#............
#..ggg................
#...#@#..........#...#
#...#g#...............
#...#................#
#.#.#.............(...
#........<#†#.........
#####.............>..#
#..................#
#.#................#
#.#...##.######.....


You could see Robin, a hobgoblin and 2 goblins.

Vanquished Creatures
  Jessica (D:2)
  Natasha (D:2)
  A worm (D:2)
  4 ball pythons
  2 endoplasms (D:1)
  10 goblins
  6 hobgoblins
  4 bats
  A frilled lizard (D:2)
  5 kobolds
  2 rats
37 creatures vanquished.

Notes
Turn   | Place    | Note
-------+----------+-------------------------------------------
     0 | D:1      | Setbun the Kobold Brigand began the quest for the Orb.
     0 | D:1      | Reached XP level 1. HP: 12/12 MP: 1/1
   158 | D:1      | Reached skill level 3 in Short Blades
   318 | D:1      | Reached XP level 2. HP: 17/17 MP: 2/2
   633 | D:1      | Found a faded altar of an unknown god.
   639 | D:1      | Reached skill level 4 in Short Blades
  1085 | D:2      | Noticed Jessica
  1089 | D:2      | Killed Jessica
  1090 | D:2      | Reached skill level 5 in Short Blades
  1090 | D:2      | Reached XP level 3. HP: 21/21 MP: 3/3
  1108 | D:2      | Reached XP level 4. HP: 26/26 MP: 4/4
  1293 | D:2      | Noticed Natasha
  1310 | D:2      | Killed Natasha
  1311 | D:2      | Reached skill level 6 in Short Blades
  1692 | D:2      | Noticed Robin
  1712 | D:2      | HP: 1/26 [constriction (1)]
  1713 | D:2      | Slain by a goblin

Illustrated notes

Levels and vault maps discovered:
D:1:      dpeg_arrival_solitude, layout_loops_corners,
          hellmonk_ecumenical_altar_pennies_from_heaven, minmay_misc_feat_five,
          minmay_misc_feat_x, minivault_23
D:2:      layout_basic, glass_columns_a, uniq_robin, uniq_natasha, uniq_jessica

Skill      XL: |  1  2  3  4 |
---------------+-------------+-----
Short Blades   | 3 5 6 |  6.2
Fighting       | |  2.1
Throwing       | |  2.1
Dodging        | |  1.2
Stealth        | |  5.3

Action                   |  1- 3 |  4- 6 || total
-------------------------+-------+-------++-------
Melee: Dagger            |    23 |    45 ||    68
  Use: Potion            |       |     1 ||     1
 Stab: Sleeping          |    15 |     9 ||    24
       Distracted        |       |     1 ||     1
Armor: Robe              |     4 |     1 ||     5
Dodge: Dodged            |     7 |    14 ||    21

Table legend: (Time is in decaauts)
 A = Elapsed time spent in this place.
 B = Non-inter-level travel time spent in this place.
 C = Inter-level travel time spent in this place.
 D = Time resting spent in this place.
 E = Time spent auto-exploring this place.
 F = Levels seen in this place.
 G = Mean time per level.
                   A        B        C        D        E       F      G
               +--------+--------+--------+--------+--------+-----+--------+
         Total |   1698 |   1664 |     34 |    215 |   1258 |   2 |  849.0 |
       Dungeon |   1698 |   1664 |     34 |    215 |   1258 |   2 |  849.0 |
               +--------+--------+--------+--------+--------+-----+--------+

Top non-repeatable levels by time:
     D:1: 1019 daAuts
     D:2: 678 daAuts
